 Dungeon Crawl Stone Soup version 0.28.0 (webtiles) character file.

Game seed: 8621921980097465093

42 vvl the Insei (level 3, -2/27 HPs)
             Began as a Djinni Transmuter on Feb 10, 2022.
             Slain by a river rat (8 damage)
             ... on level 3 of the Dungeon.
             The game lasted 00:04:05 (2192 turns).

vvl the Insei (Djinni Transmuter)                   Turns: 2192, Time: 00:04:05

Health: -2/27      AC:  5    Str:  9    XL:     3   Next: 80%
Gold:   65         EV: 10    Int: 16    God:
                   SH:  0    Dex: 13

rFire   + + .      SeeInvis .   d - +1 dagger (flame)
rCold   x . .      Faith    .   (no shield)
rNeg    . . .      Spirit   .   e - +0 ring mail
rPois   ∞          Reflect  .   (no helmet)
rElec   .          Harm     .   (no cloak)
rCorr   .          Rampage  .   (no gloves)
Will    .....                   (boots unavailable)
Stlth   +.........              (no amulet)
HPRegen 0.09/turn               (no ring)
MPRegen 0.00/turn               (no ring)

@: flying
A: sickness immunity, fire resistance 2, cold vulnerability 1, float, innate
caster, HP casting, extra vitality 1
a: no special abilities


You were on level 3 of the Dungeon.
You visited 1 branch of the dungeon, and saw 3 of its levels.

You collected 65 gold pieces.

Inventory:

Hand Weapons
 b - a +1 long sword of holy wrath
 d - a +1 dagger of flaming (weapon)
Armour
 e - a +0 ring mail (worn)
Wands
 h - a wand of flame (10)
Scrolls
 a - a scroll of magic mapping {unknown}
 f - a scroll of teleportation {unknown}
 i - a scroll of brand weapon {unknown}
 j - 2 scrolls of identify {unknown}
Potions
 c - a potion of mutation {unknown}
 g - a potion of flight {unknown}


   Skills:
 + Level 1.6 Fighting
 + Level 1.1 Armour
 + Level 2.6 Dodging
 + Level 3.3 Unarmed Combat
 * Level 1.9 Spellcasting


You couldn't memorise any spells.
You knew the following spells:

 Your Spells              Type           Power      Damage    Failure   Level
a - Beastly Appendage     Tmut           14%        N/A       26%         1
b - Wereblood             Tmut           7%         N/A       36%         2
c - Spider Form           Tmut/Pois      7%         N/A       61%         3
d - Ice Form              Ice/Tmut       7%         N/A       95%         4
e - Shock                 Conj/Air       28%        1d4       26%         1
Your spell library was empty.

Dungeon Overview and Level Annotations

Branches:
Dungeon (3/15)

Altars:

Portals:
Sewer: D:3


Innate Abilities, Weirdness & Mutations

You are immune to sickness and miasma.
You are immune to poison.
Your flesh is very heat resistant. (rF++)
You are vulnerable to cold. (rC-)
You float through the air rather than walking.
You learn spells naturally, not from books.
Your magical power is your life essence.
You have superior vitality. (+4 MHP)


Message History

The rat bites you but does no damage.
You hit the river rat but do no damage. The river rat misses you.
The rat bites you. The rat barely misses you.
You hit the river rat. You burn the river rat.
The river rat is moderately wounded.
The river rat bites you. The rat barely misses you.
The rat splashes around in the water.
You hit the river rat but do no damage.
The river rat is moderately wounded.
The river rat bites you.
The rat splashes around in the water.
You closely miss the river rat.
The river rat is moderately wounded.
The rat misses you. The river rat bites you.
The rat splashes around in the water.
The rat bites you but does no damage.
You are too injured to fight recklessly!
You are too injured to fight recklessly!
You are too injured to fight recklessly!
You are too injured to fight recklessly!
The rat bites you but does no damage.
You hit the rat. You burn the rat.
You kill the rat!
You hit the river rat but do no damage.
The river rat is moderately wounded.
The river rat bites you.
* * * LOW HITPOINT WARNING * * *
You barely miss the river rat.
The river rat is moderately wounded.
The river rat bites you.
* * * LOW HITPOINT WARNING * * *
An endoplasm comes into view.
You closely miss the river rat.
The river rat is moderately wounded.
The endoplasm quivers.
You hit the rat. You burn the rat.
The rat is severely wounded.
The river rat barely misses you. The rat closely misses you.
You hit the rat but do no damage.
The rat is severely wounded.
The river rat bites you!
You die...

##.####.##
..........#
#.#.####..#
#.#.####..###.##
#.#............>
#...####..###.###
#.....##.........
##
#.#r#.###.###.###
##...##rr@.....[#
......≈r#.#†###.#
##...≈≈≈#.........
#.?.≈≈≈#.......###
#..≈≈≈≈#>......#
##≈≈≈≈∩##......#
########......#
#>.....#


You could see a river rat and 3 rats.

Vanquished Creatures
  A worm (D:2)
  A dart slug (D:1)
  5 ball pythons
  4 bats
  4 endoplasms
  A giant cockroach (D:1)
  4 hobgoblins
  3 quokkas (D:1)
  3 frilled lizards
  2 goblins
  4 kobolds (D:1)
  5 rats
37 creatures vanquished.

Notes
Turn   | Place    | Note
-------+----------+-------------------------------------------
     0 | D:1      | vvl the Djinni Transmuter began the quest for the Orb.
     0 | D:1      | Reached XP level 1. HP: 17/17 MP: 0/0
   159 | D:1      | Reached XP level 2. HP: 17/22 MP: 0/0
   738 | D:1      | Reached XP level 3. HP: 27/27 MP: 0/0
   738 | D:1      | Learned a level 1 spell: Shock
  1390 | D:2      | Reached skill level 1 in Armour
  1428 | D:2      | Found a faded altar of an unknown god.
  2176 | D:3      | Found a glowing drain.
  2192 | D:3      | Slain by a river rat

Illustrated notes

Levels and vault maps discovered:
D:1:      noname_arrival_rooms_in_the_neighbourhood, layout_basic,
          minmay_tiny_reverse_x
D:2:      layout_basic, shapermc_ecumenical_altar_rom_forum
D:3:      layout_loops_ring, portal_sewer_entry_b, serial_shops,
          nicolae_shop_behind_doors, minmay_goblin_outpost

Skill      XL: |  1  2  3 |
---------------+----------+-----
Armour         | 1 |  1.1
Fighting       | |  1.6
Dodging        | |  2.6
Unarmed Combat | |  3.3
Spellcasting   | |  1.9

Action                   || total
-------------------------++-------
Melee: Long sword        ||    35
       Dagger            ||   111
       Punch             ||     4
 Cast: Beastly Appendage ||     1
Armor: Robe              ||    16
       Ring mail         ||    40
Dodge: Dodged            ||    97
